Unix NetHack Version 3.7.0-86 Work-in-progress - last build May 30 2023 01:50:43 (cc98dc9aa62a9957b082a042edf5bd7ec9f632c7,branch:master). Game began 2023-06-03 08:41:28, ended 2023-06-03 19:55:26. Boxo, chaotic female elven Wizard ... .<. ----- ... ----.|.-- ---.......-- ----.......|...| ^)).... -.^- --... -.. --... |... --. Boxo the Thaumaturge St:9 Dx:15 Co:16 In:20 Wi:12 Ch:10 Chaotic S:10734 Dlvl:6 $:386 HP:0(42) Pw:15(77) AC:-2 Xp:8/2492 T:6591 Deaf Latest messages: What do you want to throw? In what direction? The aklys hits Aigoraigor of Oggorogun! The aklys returns to your hand! Aigoraigor of Oggorogun zaps a wand of digging! The gnome lord shoots a crossbow bolt! A crossbow bolt misses you. What do you want to throw? In what direction? The aklys hits the gnome lord. The aklys returns to your hand! What do you want to throw? In what direction? The aklys hits the gnome lord! The aklys returns to your hand! What do you want to throw? In what direction? The aklys hits the gnome lord. The aklys returns to your hand! What do you want to throw? In what direction? What do you want to wield? You are empty handed. t - 2 daggers (3 in total). You see here an aklys. You see here 2 crossbow bolts. Pick an object. You see here an aklys. Uothuoth of Oggorogun wields a crude bow! You see here 2 crossbow bolts. You fall into a pit! You are still in a pit. What do you want to use or apply? You start playing your leather drum named <<. You pound on the drum. The wand hits you! Aigora of Oggorogun points at you, then curses. You are still in a pit. Aigora of Oggorogun casts a spell at you! Your head suddenly aches painfully! What do you want to zap? In what direction? Aigora of Oggorogun vanishes! The wand hits you! You die... Do you want your possessions identified? [ynq] (y) Do you want to see your attributes? [ynq] (y) Do you want an account of creatures vanquished? [ynaq] (y) Do you want to see your conduct and achievements? [ynq] (y) Do you want to see the dungeon overview? [ynq] (y) Inventory: Coins $ - 386 gold pieces Amulets O - an uncursed amulet of ESP named << Rings j - an uncursed ring of poison resistance u - an uncursed ring of searching d - an uncursed ring of slow digestion named << (on right hand) Armor E - a blessed greased +0 dwarvish iron helm (being worn) X - an uncursed +0 elven leather helm s - an uncursed +0 pair of gauntlets of dexterity (being worn) B - an uncursed greased +0 pair of high boots (being worn) U - an uncursed greased +2 cloak of protection (being worn) C - an uncursed +0 leather armor (being worn) Weapons t - 3 +0 daggers Y - a +0 elven dagger N - a blessed +1 orcish dagger r - a +3 orcish dagger named +3? h - 6 +0 orcish daggers (at the ready) g - a blessed +1 aklys (alternate weapon; not wielded) Tools y - an uncursed leather drum named << P - an uncursed blindfold named << m - a can of grease named 3 (0:2) k - an uncursed mirror named << l - an uncursed oil lamp x - an uncursed skeleton key named << z - a +0 unicorn horn named << Potions T - a blessed potion of acid L - a blessed potion of gain energy F - an uncursed potion of oil Wands v - a wand of cold named 3 (0:3) W - a blessed wand of create monster (0:11) a - a wand of lightning named 1 (0:5) p - a cursed wand of make invisible named 3 (0:4) c - a wand of polymorph (0:5) b - a wand of sleep named 2 (0:3) i - a wand of slow monster named 1 (0:4) q - a wand of speed monster named 3 (0:5) S - a wand of striking named ?2 (0:4) f - a wand of striking named ? (0:0) o - a wand of striking named ? (0:0) R - a wand of striking named - (0:0) G - a wand of teleportation (0:3) Gems/Stones n - 2 uncursed luckstones Boxo the Wizard's attributes: Background: You were a Thaumaturge, a level 8 female elven Wizard. You were chaotic, nominally on a mission for Anhur who was opposed by Ptah (lawful) and Thoth (neutral). You were in the Gnomish Mines, on level 6. You entered the dungeon 6591 turns ago. There was a full moon in effect when your adventure ended. You had 2492 experience points, 68 more were needed to attain level 9. Your score was 10734 before end-of-game adjustments. Basics: You had 0 out of 42 hit points. You had 15 out of 77 energy points (spell power). Your armor class was -2. Your wallet contained 386 zorkmids. Autopickup was on for '$"?!=/' plus thrown, with exceptions. Final Characteristics: Your strength was 9 (limit:18). Your dexterity was 15 (limit:18). Your constitution was 16 (limit:16). Your intelligence was 20 (limit:20). Your wisdom was 12 (limit:20). Your charisma was 10 (limit:18). Final Status: You were deaf. You were trapped in a pit. You were not hungry. You were unencumbered. You were empty handed. You had basic skill with bare handed combat. Final Attributes: You were piously aligned. You were sleep resistant. You had infravision. You were invisible. You had slower digestion. You were protected. You were fast. You were lucky. You had extra luck. Bad luck did not time out for you. Good luck did not time out for you. You are dead. Miscellaneous: You disabled loading of bones levels. Total elapsed playing time was 6 hours, 7 minutes and 22 seconds. Major events: Turn 1: Boxo the chaotic female elven Wizard entered the dungeon 760: attained the rank of Conjurer (level 3) 2039: attained the rank of Thaumaturge (level 6) 3151: entered Sokoban 3961: completed 1st Sokoban level 5184: entered the Gnomish Mines 6591: killed by a wand Vanquished creatures: a tengu a leather golem 2 giant beetles a quivering blob 2 leprechauns 5 orc-captains a gnome ruler an owlbear a dingo a white unicorn a dust vortex a plains centaur 5 snakes a human zombie a Woodland-elf 6 bugbears an imp a wood nymph a mountain nymph 10 Mordor orcs 6 Uruk-hai 3 orc shamans 3 rock piercers a rock mole a yellow light a shrieker 7 gnome leaders a gnomish wizard a kobold mummy a ghoul a straw golem 2 giant ants a little dog a floating eye a kitten 7 dwarves 12 hill orcs 2 rothes a centipede 7 orc zombies a wererat a werejackal 6 iguanas an acid blob a coyote a gas spore 8 large kobolds 6 hobgoblins a giant rat 2 yellow molds a green mold a red mold 22 gnomes a gnome zombie 5 geckos 5 jackals a fox a kobold 2 goblins 2 sewer rats 4 grid bugs a bat 6 lichens a kobold zombie 8 newts 193 creatures vanquished. No species were genocided or became extinct. Voluntary challenges: You were deaf from birth. You went without food. You were an atheist. You never hit with a wielded weapon. You were illiterate. You never engraved Elbereth. You never had a pet. You never genocided any monsters. You never polymorphed an object. You never changed form. You used no wishes. You did not violate any of the special Sokoban rules. Achievements: You attained the rank of Conjurer. You entered a shop. You attained the rank of Thaumaturge. You entered Sokoban. You entered the Gnomish Mines. The Dungeons of Doom: levels 1 to 8 Level 1: An altar to Anhur, a fountain. Level 2: A fountain. Stairs down to The Gnomish Mines. Level 3: A general store, a fountain, a sink. Level 4: A bookstore. Level 5: "sink stash:potions,x2" A throne, a sink. Level 6: Level 7: A fountain, some graves. Stairs up to Sokoban, level 6. Level 8: The Gnomish Mines: levels 3 to 6 Level 3: Level 4: Level 5: An altar, some fountains. Level 6: <- You were here. Final resting place for you, killed by a wand. Sokoban: levels 6 up to 5 Level 5: Unsolved. Level 6: Solved. Game over: ---------- / \ / REST \ / IN \ / PEACE \ / \ | Boxo | | 386 Au | | killed by a wand | | | | | | | | 2023 | *| * * * | * _________)/\\_//(\/(/\)/\//\/|_)_______ Goodbye Boxo the Wizard... You died in The Gnomish Mines on dungeon level 6 with 10696 points, and 386 pieces of gold, after 6591 moves. You were level 8 with a maximum of 42 hit points when you died.